[Event "Team 45 45 League T49"]
[Site "Internet Chess Club"]
[Date "2011.05.14"]
[Round "1"]
[White "Campagnolo"]
[Black "Guoruey"]
[Result "1-0"]
[WhiteElo "2083"]
[BlackElo "1932"]
[Opening "English opening"]
[ECO "A05"]
[Time "21:15:11"]
[TimeControl "2700+45"]

1. Nf3 Nf6 2. c4 g6 3. Nc3 Bg7 4. g3 O-O 5. Bg2 c6 6. O-O d5 7. d4 a6 8. Ne5
Nbd7 9. Nxd7 Qxd7 10. cxd5 cxd5 11. Qb3 e6 12. Bf4 Nh5 13. Be3 Qd6 14. Rfd1 Bd7
15. Bf3 Bc6 16. Rac1 Kh8 17. Na4 Qe7 18. Nc5 f5 19. Nd3 Rad8 20. Ne5 Bxe5 21.
dxe5 f4 22. Bc5 Qg5 23. h4 Qh6 24. g4 Ng7 25. Be7 Nf5 26. Bg5 Qg7 27. Bf6 Rxf6
28. exf6 Qxf6 29. gxf5 gxf5 30. Kf1 Kg7 31. Rxc6 bxc6 32. Qb7+ Kh6 33. Qxc6 Rg8
34. Bxd5 Rg6 35. Bf3 Qxh4 36. Qc3 Qh2 37. Ke1 Rg1+ 38. Kd2 Rg8 39. Rh1 {Black
resigns} 1-0

[Event "Team 45 45 League T49"]
[Site "Internet Chess Club"]
[Date "2011.05.16"]
[Round "1"]
[White "Oblio"]
[Black "CamLeslie"]
[Result "1-0"]
[WhiteElo "2424"]
[BlackElo "1990"]
[Opening "Sicilian: accelerated fianchetto, modern variation"]
[ECO "B34"]
[Time "13:00:21"]
[TimeControl "2700+45"]

1. e4 c5 2. Nf3 g6 3. d4 cxd4 4. Nxd4 Nc6 5. Nc3 Bg7 6. Nde2 Nf6 7. g3 b5 8. Bg2
Rb8 9. O-O O-O 10. Re1 Ne5 11. a3 a5 12. h3 Bb7 13. f4 Nc4 14. e5 Qb6+ 15. Qd4
Bxg2 16. Qxb6 Rxb6 17. exf6 {Black resigns} 1-0

[Event "Team 45 45 League T49"]
[Site "Internet Chess Club"]
[Date "2011.05.13"]
[Round "1"]
[White "chess9793"]
[Black "DTK"]
[Result "0-1"]
[WhiteElo "2134"]
[BlackElo "2218"]
[Opening "French: Tarrasch"]
[ECO "C03"]
[Time "22:42:56"]
[TimeControl "2700+45"]

1. e4 e6 2. d4 d5 3. Nd2 Be7 4. Bd3 c5 5. dxc5 Nf6 6. Qe2 O-O 7. Ngf3 a5 8. O-O
Na6 9. e5 Nd7 10. c3 Naxc5 11. Bc2 b5 12. Re1 b4 13. Qe3 bxc3 14. bxc3 a4 15.
Nd4 Qc7 16. Qh3 f5 17. c4 Nxe5 18. cxd5 Ng6 19. dxe6 Nxe6 20. Nxe6 Bxe6 21. Rxe6
Qxc2 22. Qf3 Rad8 23. Rc6 Bc5 24. Ba3 Ne5 25. Qe3 Nxc6 26. Qe6+ Kh8 27. Qxc6
Bxf2+ {White resigns} 0-1

[Event "Team 45 45 League T49"]
[Site "Internet Chess Club"]
[Date "2011.05.17"]
[Round "1"]
[White "kai"]
[Black "Chess-Dream"]
[Result "0-1"]
[WhiteElo "2009"]
[BlackElo "1926"]
[Opening "French: MacCutcheon, Lasker variation, 8...g6"]
[ECO "C12"]
[Time "12:30:12"]
[TimeControl "2700+45"]

1. e4 e6 2. d4 d5 3. Nc3 Nf6 4. Bg5 Bb4 5. e5 h6 6. Bd2 Bxc3 7. bxc3 Ne4 8. Qg4
g6 9. Bd3 Nxd2 10. Kxd2 c5 11. h4 Nc6 12. Nf3 Qa5 13. Qf4 cxd4 14. Nxd4 Nxd4 15.
Qxd4 Bd7 16. Rhb1 Bc6 17. h5 g5 18. f4 Rg8 19. g4 O-O-O 20. f5 Kb8 21. f6 Rc8
22. Rb4 Rc7 23. a4 Rgc8 24. Ra3 Be8 25. Bb5 Bxb5 26. Rxb5 Qa6 27. Rab3 Rc4 28.
Rxb7+ Qxb7 29. Rxb7+ Kxb7 30. Qd3 Rxc3 31. Qh7 Rxc2+ 32. Kd1 R8c7 33. Qxh6 Rh2
34. Qxg5 Rc4 35. Qg8 Rxa4 36. Qxf7+ Kb6 37. Qxe6+ Kc5 38. Qc8+ Kd4 39. Qc1 Rh1+
40. Kc2 Rc4+ 41. Kb3 Rhxc1 42. e6 R1c3+ 43. Kb2 Rb4+ 44. Ka2 Rc5 45. Ka3 Kc4 46.
e7 Ra5# {White checkmated} 0-1

[Event "Team 45 45 League T49"]
[Site "Internet Chess Club"]
[Date "2011.05.14"]
[Round "1"]
[White "leland"]
[Black "FlyingTiger"]
[Result "1/2-1/2"]
[WhiteElo "1856"]
[BlackElo "1830"]
[Opening "Sicilian: accelerated fianchetto, modern variation with Bc4"]
[ECO "B35"]
[Time "19:33:57"]
[TimeControl "2700+45"]

1. e4 c5 2. Nf3 g6 3. d4 cxd4 4. Nxd4 Nc6 5. Nc3 Bg7 6. Be3 Nf6 7. Bc4 O-O 8.
O-O Nxe4 9. Nxe4 d5 10. Bxd5 Qxd5 11. Nc3 Qc4 12. Nxc6 Qxc6 13. Qd2 Bf5 14. Rac1
Rfd8 15. Qe1 b5 16. a3 a5 17. Qe2 b4 18. axb4 axb4 19. Qb5 Qxb5 20. Nxb5 Bxb2
21. Rb1 Bf6 22. Rxb4 Bxc2 23. Nd4 Bd3 24. Rd1 e5 25. Nc6 Rdc8 26. Rb6 Kg7 27. h3
Be4 28. Nb4 Rab8 29. Nd5 Rxb6 30. Nxb6 Rb8 31. Rd6 Rd8 32. Rxd8 Bxd8 33. Nd7 Bc7
34. Bg5 Bc6 35. Bf6+ Kh6 36. Nc5 Bd6 37. Nd3 e4 38. Ne1 g5 39. Nc2 Kg6 40. Bd4
f5 41. g3 h5 42. Ne3 f4 43. Nc4 Bc7 44. Be5 Bd5 45. Bxc7 Bxc4 46. gxf4 gxf4 47.
Bxf4 Kf5 48. Bc7 Be2 49. Kg2 Bf3+ 50. Kg3 Ke6 51. Kh4 Kd5 52. Kg5 Kc4 {Game
drawn by mutual agreement} 1/2-1/2

[Event "Team 45 45 League T49"]
[Site "Internet Chess Club"]
[Date "2011.05.15"]
[Round "1"]
[White "easycure"]
[Black "DreadHead"]
[Result "1/2-1/2"]
[WhiteElo "2283"]
[BlackElo "2234"]
[Opening "King's Indian: orthodox variation"]
[ECO "E94"]
[Time "15:00:35"]
[TimeControl "2700+45"]

1. d4 g6 2. c4 Bg7 3. e4 d6 4. Nc3 Nf6 5. Nf3 O-O 6. Be2 e5 7. O-O exd4 8. Nxd4
Nc6 9. Nxc6 bxc6 10. Re1 Re8 11. Bf1 c5 12. Bg5 h6 13. Bh4 Rb8 14. Qc2 g5 15.
Bg3 Nh5 16. Rad1 Nxg3 17. hxg3 Bb7 18. Bd3 Bc6 19. b3 a5 20. Nd5 Bxd5 21. exd5
Bd4 22. Re4 Rxe4 23. Bxe4 a4 24. Rd3 Qe7 25. Rd2 axb3 26. axb3 Ra8 27. Re2 Ra1+
28. Kh2 Kg7 29. Bf3 Qf6 30. Qe4 h5 31. Bxh5 Bxf2 32. Qf3 Bd4 33. Re8 Rf1 34.
Qxf6+ Kxf6 35. Rc8 Ke5 36. Rxc7 Bg1+ 37. Kh1 f5 38. Rf7 g4 39. Bg6 Bd4+ {Game
drawn by mutual agreement} 1/2-1/2

[Event "Team 45 45 League T49"]
[Site "Internet Chess Club"]
[Date "2011.05.15"]
[Round "1"]
[White "parmupill"]
[Black "Extremophile"]
[Result "1-0"]
[WhiteElo "2189"]
[BlackElo "2066"]
[Opening "Sicilian: closed, 6.f4"]
[ECO "B25"]
[Time "13:01:11"]
[TimeControl "2700+45"]

1. e4 c5 2. Nc3 Nc6 3. g3 g6 4. Bg2 Bg7 5. d3 d6 6. f4 e6 7. Nf3 Nge7 8. O-O O-O
9. Be3 Nd4 10. e5 Nef5 11. Bf2 d5 12. Nxd4 Nxd4 13. Na4 b6 14. b4 Qe8 15. c3 Bd7
16. Nb2 Nb5 17. c4 Nc3 18. Qb3 d4 19. b5 f6 20. exf6 Bxf6 21. Rae1 Rd8 22. Qa3
a5 23. Na4 Rb8 24. Nxc3 dxc3 25. Rc1 Bc8 26. Be1 Bd4+ 27. Kh1 Bb7 28. Bxc3 Bxg2+
29. Kxg2 Rd8 30. Rce1 Qf7 31. Re4 Qb7 32. Rf3 g5 33. h3 h5 34. Qb2 g4 35. hxg4
hxg4 36. Rf1 Rf7 37. Bxd4 Rxd4 38. Qe2 Kf8 39. Rh1 Rxe4 40. dxe4 Rh7 41. Rxh7
Qxh7 42. Qd3 Ke7 43. Kg1 Qh3 44. e5 Qh6 45. Qd6+ Ke8 46. Qc6+ Ke7 47. Qxb6 Qg6
48. Qxc5+ Ke8 49. Qc6+ Ke7 50. Qd6+ Ke8 51. Qd1 Qf5 52. b6 Qe4 53. Qxg4 Qb1+ 54.
Kg2 Qc2+ 55. Kh3 Qh7+ 56. Qh4 Qf5+ 57. g4 Qd3+ 58. Qg3 Qh7+ 59. Kg2 Qe4+ 60. Qf3
Qc2+ 61. Kg3 Qb1 62. b7 Kd7 63. b8=Q Qxb8 64. Qd3+ Ke8 65. Qg6+ Kf8 66. Qf6+ Kg8
67. Qxe6+ Kh8 68. Qf6+ Kh7 69. e6 Qb4 70. Kh4 Qe1+ 71. Kg5 a4 72. e7 a3 73. Qg6+
{Black resigns} 1-0

[Event "Team 45 45 League T49"]
[Site "Internet Chess Club"]
[Date "2011.05.15"]
[Round "1"]
[White "nb"]
[Black "Tulihobu"]
[Result "1/2-1/2"]
[WhiteElo "2117"]
[BlackElo "2133"]
[Opening "King's Indian: Makagonov system (5.h3)"]
[ECO "E71"]
[Time "15:01:51"]
[TimeControl "2700+45"]

1. d4 Nf6 2. c4 g6 3. Nc3 Bg7 4. e4 d6 5. h3 O-O 6. Bg5 h6 7. Be3 c6 8. Nf3 Nbd7
9. Be2 e5 10. d5 c5 11. g4 Ne8 12. Rg1 a6 13. h4 b5 14. cxb5 axb5 15. Bxb5 Nc7
16. Be2 Ba6 17. Qd2 Bxe2 18. Qxe2 Qb8 19. Rb1 Qb4 20. Bd2 Rfb8 21. Kf1 Nb5 22.
Nxb5 Qxb5 23. Qxb5 Rxb5 24. g5 h5 25. Bc3 Rxa2 26. Ke2 Rb8 27. Nd2 Nb6 28. Ra1
Rba8 29. b3 Rxa1 30. Rxa1 Rxa1 31. Bxa1 f6 32. f4 f5 33. Nc4 Nxc4 34. bxc4 Kf7
35. Bc3 Ke7 36. Kf3 Kf7 37. Bd2 Ke7 38. Be1 fxe4+ 39. Kxe4 exf4 40. Kxf4 Kd7 41.
Ke4 Be5 42. Kd3 Kc7 43. Kc2 Kb6 44. Kb3 Bf4 45. Ka4 Be5 46. Bf2 {Game drawn by
mutual agreement} 1/2-1/2

[Event "Team 45 45 League T49"]
[Site "Internet Chess Club"]
[Date "2011.05.15"]
[Round "1"]
[White "DARKwizard1"]
[Black "ThuG"]
[Result "0-1"]
[WhiteElo "1956"]
[BlackElo "2145"]
[Opening "Ruy Lopez: Anderssen variation"]
[ECO "C77"]
[Time "13:24:09"]
[TimeControl "2700+45"]

1. e4 e5 2. Nf3 Nc6 3. Bb5 a6 4. Ba4 Nf6 5. d3 b5 6. Bb3 Bb7 7. O-O Bc5 8. Bg5
h6 9. Bh4 d6 10. c3 Bb6 11. Nbd2 g5 12. Nxg5 hxg5 13. Bxg5 Rg8 14. h4 Qe7 15.
Kh1 O-O-O 16. f4 exf4 17. d4 Rxg5 18. hxg5 Nxd4 19. cxd4 Bxd4 20. Nf3 Rh8+ 21.
Nh2 Qxe4 22. Qf3 Qh7 23. Qxf4 Be5 24. Qf5+ Qxf5 25. Rxf5 Rxh2+ 26. Kg1 Rxg2+ 27.
Kf1 Ng4 28. Rxe5 dxe5 29. Rc1 Nh2+ 30. Ke1 Rg1+ 31. Kd2 Nf3+ 32. Kc2 Be4+ {White
resigns} 0-1

[Event "Team 45 45 League T49"]
[Site "Internet Chess Club"]
[Date "2011.05.13"]
[Round "1"]
[White "larso"]
[Black "Uwak"]
[Result "0-1"]
[WhiteElo "2103"]
[BlackElo "2388"]
[Opening "Sicilian: dragon, Yugoslav attack, 10.O-O-O"]
[ECO "B78"]
[Time "08:55:21"]
[TimeControl "2700+45"]

1. e4 c5 2. Nf3 d6 3. d4 cxd4 4. Nxd4 Nf6 5. Nc3 g6 6. Be3 Bg7 7. f3 Nc6 8. Bc4
O-O 9. Qd2 Bd7 10. O-O-O Rc8 11. Bb3 Nxd4 12. Bxd4 b5 13. Nd5 Nxd5 14. exd5 Bxd4
15. Qxd4 a5 16. a3 b4 17. axb4 Rb8 18. bxa5 Qxa5 19. Qc3 Rb4 20. Rhe1 Rc8 21.
Qe3 Bf5 22. Kb1 Rcb8 23. Qc3 Qb6 24. Rd3 Rc8 25. Qd2 Bxd3 26. Qxd3 Ra8 27. Qc3
Qa7 28. Kc1 Rd4 29. Ba2 Rh4 30. Bc4 Rxh2 31. Bf1 Qf2 32. Ba6 Rxa6 33. Qc8+ Kg7
34. Qc3+ Kh6 35. Kb1 Rxg2 36. Rh1+ Rh2 37. Rd1 Qc5 38. Qd3 Qa5 39. Qe3+ {White
resigns} 0-1

[Event "Team 45 45 League T49"]
[Site "Internet Chess Club"]
[Date "2011.05.15"]
[Round "1"]
[White "searchforbobby1"]
[Black "lacibacsi"]
[Result "1/2-1/2"]
[WhiteElo "2208"]
[BlackElo "2034"]
[Opening "Caro-Kann: closed (Breyer) variation"]
[ECO "B10"]
[Time "16:03:57"]
[TimeControl "2700+45"]

1. e4 c6 2. d3 d5 3. Nf3 dxe4 4. dxe4 Qxd1+ 5. Kxd1 Bg4 6. Be2 e6 7. Nfd2 Bxe2+
8. Kxe2 Na6 9. Nc4 Rd8 10. Be3 Bc5 11. Nbd2 b5 12. Ne5 Ne7 13. Rhd1 Bxe3 14.
Kxe3 f6 15. Nef3 c5 16. c3 Nc6 17. a4 b4 18. Nc4 Ke7 19. h4 Rxd1 20. Rxd1 Rd8
21. Rxd8 Kxd8 22. g4 Nab8 23. Nfd2 Nd7 24. f4 Ke7 25. a5 g5 26. Nf3 h6 27. hxg5
hxg5 28. f5 bxc3 29. bxc3 a6 30. Kd3 Na7 31. Nb6 Nc6 32. Nc4 Na7 33. Kc2 Nb5 34.
Kd3 Nb8 35. Nfd2 Nc6 36. Nb3 Nd6 37. Nxc5 Nxc4 38. Kxc4 Nxa5+ 39. Kd3 Nc6 40.
Nxa6 Ne5+ 41. Ke2 Nxg4 42. fxe6 Kxe6 43. Nc5+ {Game drawn by mutual agreement}
1/2-1/2

[Event "Team 45 45 League T49"]
[Site "Internet Chess Club"]
[Date "2011.05.15"]
[Round "1"]
[White "mers37"]
[Black "gaibo4ever"]
[Result "1-0"]
[WhiteElo "1888"]
[BlackElo "2024"]
[Opening "English opening"]
[ECO "A05"]
[Time "10:10:47"]
[TimeControl "2700+45"]

1. Nf3 Nf6 2. c4 g6 3. g3 Bg7 4. Bg2 O-O 5. O-O d6 6. Nc3 Nc6 7. d3 e5 8. Rb1
Nh5 9. Nd2 f5 10. Nd5 Ne7 11. b4 c6 12. Nxe7+ Qxe7 13. b5 Qc7 14. bxc6 bxc6 15.
Qa4 Bd7 16. Qa6 Rab8 17. Ba3 Nf6 18. Rfc1 Rb6 19. Rxb6 axb6 20. Rb1 Rb8 21. Bb4
d5 22. Rc1 Qb7 23. Qxb7 Rxb7 24. Bd6 Ra7 25. Bxe5 Rxa2 26. Nb3 Rxe2 27. Bxf6
Bxf6 28. cxd5 c5 29. d4 cxd4 30. Bf1 Rb2 31. Rc7 Ba4 32. Nc1 Rb1 33. d6 Be5 34.
Ra7 Bc6 35. d7 Bf6 36. Nd3 Bb5 37. Kg2 Rxf1 38. Kxf1 Bxd3+ 39. Ke1 Bc4 40. Ra8+
Kg7 41. d8=Q Bxd8 42. Rxd8 d3 43. Rd7+ Kh6 44. h4 b5 45. Kd2 g5 46. hxg5+ Kxg5
47. Rxh7 Kf6 48. f4 Ke6 49. Rh5 b4 50. Rh6+ Kd5 51. Rb6 b3 52. Kc3 Ke4 53. Rb4
Ke3 54. Kxc4 Ke2 55. Rxb3 d2 56. Rd3 d1=Q 57. Rxd1 Kxd1 58. Kd4 Ke2 59. Ke5 Kf3
60. Kxf5 Kxg3 61. Kg5 Kf3 62. f5 Ke4 63. f6 Ke5 64. f7 {Black resigns} 1-0

[Event "Team 45 45 League T49"]
[Site "Internet Chess Club"]
[Date "2011.05.15"]
[Round "1"]
[White "screamingeagle"]
[Black "SimplyClaudia"]
[Result "0-1"]
[WhiteElo "1949"]
[BlackElo "1819"]
[Opening "French: Burn variation"]
[ECO "C11"]
[Time "21:03:15"]
[TimeControl "2700+45"]

1. e4 e6 2. d4 d5 3. Nc3 Nf6 4. Bg5 dxe4 5. Nxe4 Nbd7 6. Nf3 Be7 7. Ned2 h6 8.
Bh4 O-O 9. Bd3 b6 10. O-O Bb7 11. Qe2 c5 12. Nb3 Bxf3 13. Qxf3 cxd4 14. Rfe1 Nc5
15. Rad1 Nxb3 16. axb3 Qc7 17. c3 dxc3 18. bxc3 Rfd8 19. c4 Qc5 20. Re3 a5 21.
Qe2 a4 22. bxa4 Rxa4 23. Kf1 Rda8 24. Re5 Qa3 25. f4 Nd7 26. Re3 Qc5 27. Bf2 Qc7
28. f5 Ra2 29. Qh5 Rxf2+ 30. Kxf2 Bc5 31. fxe6 Qf4+ 32. Qf3 Bxe3+ 33. Ke2 Ra2+
34. Ke1 Ne5 35. Qxf4 Bxf4 36. Bf5 fxe6 37. Bxe6+ Kf8 {White resigns} 0-1

[Event "Team 45 45 League T49"]
[Site "Internet Chess Club"]
[Date "2011.05.17"]
[Round "1"]
[White "rdmuhcu"]
[Black "AugustoCaruso"]
[Result "1/2-1/2"]
[WhiteElo "2212"]
[BlackElo "2211"]
[Opening "Queen's pawn"]
[ECO "A40"]
[Time "11:01:01"]
[TimeControl "2700+45"]

1. d4 e6 2. Nf3 d5 3. Bg5 Be7 4. Bxe7 Qxe7 5. c3 Nf6 6. Nbd2 O-O 7. e3 b6 8. Ne5
Nfd7 9. Qh5 Nxe5 10. Qxe5 c5 11. Bd3 Ba6 12. Bxa6 Nxa6 13. O-O f6 14. Qh5 e5 15.
dxe5 fxe5 16. f4 d4 17. Qxe5 Qxe5 18. fxe5 dxc3 19. bxc3 Nc7 20. c4 Rxf1+ 21.
Rxf1 Rd8 22. Nf3 Rd3 23. a4 Ne6 24. a5 Rxe3 25. axb6 axb6 26. Rb1 Nd4 27. Nxd4
cxd4 28. Rxb6 Rxe5 29. Rd6 Re4 30. c5 Re5 31. c6 Rc5 32. Kf2 Rc3 33. Rd8+ Kf7
34. Rd7+ Kf6 35. c7 h5 36. g3 g6 37. h4 Ke6 38. Rg7 Kf6 39. Rd7 Ke6 40. Rxd4
Rxc7 41. Kf3 Ke5 {Game drawn by mutual agreement} 1/2-1/2

[Event "Team 45 45 League T49"]
[Site "Internet Chess Club"]
[Date "2011.05.14"]
[Round "1"]
[White "cacheboy"]
[Black "vnchess"]
[Result "1-0"]
[WhiteElo "2429"]
[BlackElo "2154"]
[Opening "Sicilian: Grand Prix attack"]
[ECO "B23"]
[Time "21:06:27"]
[TimeControl "2700+45"]

1. e4 c5 2. Nc3 Nc6 3. f4 d6 4. Bb5 Bd7 5. Nf3 g6 6. O-O Bg7 7. d3 Nd4 8. a4 a6
9. Bxd7+ Qxd7 10. Nd5 Rd8 11. Nb6 Qc6 12. a5 Nxf3+ 13. Qxf3 Nf6 14. f5 O-O 15.
Bg5 Rde8 16. Qh3 Rd8 17. c4 Rfe8 18. Qh4 Rf8 19. Rf3 Rde8 20. g4 h5 21. gxh5
Nxh5 22. Bxe7 Bxb2 23. Raf1 Rxe7 24. fxg6 Re5 25. gxf7+ Kg7 26. Qg4+ Kh6 27.
Rf6+ Kh7 28. Qg6+ Kh8 29. Qh6# {Black checkmated} 1-0

[Event "Team 45 45 League T49"]
[Site "Internet Chess Club"]
[Date "2011.05.13"]
[Round "1"]
[White "chiiwen"]
[Black "KingDestroyer"]
[Result "0-1"]
[WhiteElo "2159"]
[BlackElo "2307"]
[Opening "Sicilian defense"]
[ECO "B40"]
[Time "22:00:35"]
[TimeControl "2700+45"]

1. e4 c5 2. Nf3 e6 3. Nc3 a6 4. g3 b5 5. d4 cxd4 6. Nxd4 Bb7 7. Bg2 Nf6 8. a3
Be7 9. O-O d5 10. e5 Nfd7 11. f4 O-O 12. Kh1 Nc6 13. Nxc6 Bxc6 14. Qe2 Qc7 15.
Be3 a5 16. Bd4 b4 17. axb4 axb4 18. Rxa8 Rxa8 19. Nd1 Bc5 20. Bxc5 Nxc5 21. Qd2
Qb6 22. Nf2 Ra2 23. Rb1 h6 24. Nd3 Nxd3 25. Qxd3 Qa7 26. Qd1 Qe3 27. Qf3 Rxb2
{White resigns} 0-1

[Event "Team 45 45 League T49"]
[Site "Internet Chess Club"]
[Date "2011.05.15"]
[Round "1"]
[White "DreamCatcher13"]
[Black "brgdgaf"]
[Result "0-1"]
[WhiteElo "1876"]
[BlackElo "2166"]
[Opening "Sicilian: Alapin's variation (2.c3)"]
[ECO "B22"]
[Time "12:59:40"]
[TimeControl "2700+45"]

1. e4 c5 2. c3 Nf6 3. e5 Nd5 4. d4 cxd4 5. Qxd4 e6 6. Nf3 Nc6 7. Qe4 f5 8. exf6
Nxf6 9. Qh4 Qc7 10. Bd3 Nb4 11. Qd4 Bc5 12. Qc4 d5 13. Qb5+ Bd7 14. cxb4 Bxb4+
15. Qxb4 Qxc1+ 16. Ke2 Qxh1 17. Qxb7 O-O 18. Ne5 Rab8 19. Qxa7 Rxb2+ 20. Nd2
Qxa1 21. Nxd7 Nxd7 22. Qxd7 Rxd2+ 23. Kxd2 Rxf2+ 24. Ke3 Qe1+ 25. Kd4 Qb4+ 26.
Ke5 Qf4+ 27. Kxe6 Qe3+ 28. Kd6 Rf6+ 29. Kc7 Qb6+ 30. Kc8 Rf8+ {White resigns}
0-1

[Event "Team 45 45 League T49"]
[Site "Internet Chess Club"]
[Date "2011.05.13"]
[Round "1"]
[White "LazyPeon"]
[Black "Packerfan"]
[Result "1/2-1/2"]
[WhiteElo "1812"]
[BlackElo "1750"]
[Opening "Budapest: Fajarowicz variation"]
[ECO "A51"]
[Time "15:00:56"]
[TimeControl "2700+45"]

1. d4 Nf6 2. c4 e5 3. dxe5 Ne4 4. a3 d6 5. Qc2 Bf5 6. Nc3 Ng3 7. e4 Bxe4 8. Nxe4
Nxh1 9. Bg5 Be7 10. Bxe7 Qxe7 11. exd6 cxd6 12. O-O-O O-O 13. g3 Nd7 14. Bg2
Nxf2 15. Qxf2 Ne5 16. Nxd6 Rad8 17. c5 b6 18. Kb1 bxc5 19. Qxc5 Rd7 20. Re1 Qxd6
21. Rxe5 Qd1+ 22. Ka2 Rb8 23. Qe3 Rxb2+ 24. Kxb2 Rd2+ 25. Kc3 Rc2+ 26. Kb4 Rb2+
27. Kc5 Rc2+ {Game drawn by mutual agreement} 1/2-1/2

[Event "Team 45 45 League T49"]
[Site "Internet Chess Club"]
[Date "2011.05.14"]
[Round "1"]
[White "otherook"]
[Black "ticopatzer"]
[Result "1-0"]
[WhiteElo "1763"]
[BlackElo "1623"]
[Opening "English opening"]
[ECO "A20"]
[Time "16:08:10"]
[TimeControl "2700+45"]

1. c4 e5 2. g3 Nf6 3. Bg2 Nc6 4. Nc3 Bb4 5. Nd5 Nxd5 6. cxd5 Nd4 7. e3 Nf5 8.
Qg4 Nxe3 9. fxe3 Bf8 10. Nh3 d6 11. Qg5 f6 12. Qh5+ g6 13. Qe2 Bg7 14. O-O Bd7
15. d4 a6 16. Re1 Qe7 17. dxe5 fxe5 18. e4 O-O-O 19. Bg5 Bf6 20. Qe3 Bxg5 21.
Qxg5 Qg7 22. Rf1 Bb5 23. Rf2 Rdf8 24. Qe3 Kb8 25. a4 Bd7 26. b4 h6 27. b5 a5 28.
Raf1 b6 29. Rxf8+ Rxf8 30. Rxf8+ Qxf8 31. Nf2 g5 32. Qf3 Qg7 33. Ng4 Bxg4 34.
Qxg4 Qg6 35. Qf5 Qg7 36. Bh3 Qh8 37. Bg2 Qg7 38. Bf3 Qg8 39. Bh5 Qg7 40. Qf7
Qxf7 41. Bxf7 Kc8 42. Kg2 Kd8 43. Kf3 Ke7 44. Bh5 Kf6 45. Kg4 Kg7 46. Kf5 Kf8
47. Ke6 Kg7 48. Kd7 Kf6 49. Kxc7 Ke7 50. Kxb6 Kd7 51. Bg4+ Kd8 52. Kc6 {Black
resigns} 1-0

[Event "Team 45 45 League T49"]
[Site "Internet Chess Club"]
[Date "2011.05.15"]
[Round "1"]
[White "beitmery"]
[Black "mongmong"]
[Result "1-0"]
[WhiteElo "1632"]
[BlackElo "1637"]
[Opening "Nimzo-Indian: Sämisch variation"]
[ECO "E28"]
[Time "17:45:18"]
[TimeControl "2700+45"]

1. d4 e6 2. c4 Nf6 3. Nc3 Bb4 4. a3 Bxc3+ 5. bxc3 O-O 6. e3 b6 7. Bd3 Bb7 8. f3
Nc6 9. Ne2 Na5 10. e4 Ne8 11. O-O Ba6 12. Ng3 Bxc4 13. f4 Bxd3 14. Qxd3 Nd6 15.
f5 exf5 16. exf5 f6 17. Bf4 Ndc4 18. Nh5 Rf7 19. Qg3 Kh8 20. Bxc7 Qg8 21. Nf4
Qf8 22. Ng6+ hxg6 23. Qh4+ Kg8 24. fxg6 Qc8 25. Qh7+ Kf8 26. Qh8+ Ke7 27. Rae1+
Ne5 28. Rxe5+ fxe5 29. Rxf7+ Ke6 30. Qxg7 Qxc7 31. Re7+ Kf5 32. Rxe5+ Qxe5
{Black resigns} 1-0

[Event "Team 45 45 League T49"]
[Site "Internet Chess Club"]
[Date "2011.05.17"]
[Round "1"]
[White "seattleblues"]
[Black "Rapidcitychess"]
[Result "1-0"]
[WhiteElo "1446"]
[BlackElo "1529"]
[Opening "Sicilian: Alapin's variation (2.c3)"]
[ECO "B22"]
[Time "21:00:16"]
[TimeControl "2700+45"]

1. e4 c5 2. c3 Nf6 3. e5 Nd5 4. d4 cxd4 5. cxd4 d6 6. Nf3 Nc6 7. Bc4 Nb6 8. Bb3
Bg4 9. Bxf7+ Kxf7 10. Ng5+ Ke8 11. Qxg4 dxe5 12. O-O Qxd4 13. Qe6 Qd5 14. Qh3
Qd7 15. Ne6 Nd4 16. Qh5+ g6 17. Qxe5 Qxe6 18. Qxh8 Nc2 19. Rd1 Nxa1 20. Nc3 Nc2
21. Nb5 Qc6 22. Qxh7 a6 23. Nc7+ Qxc7 24. Qxg6# {Black checkmated} 1-0

[Event "Team 45 45 League T49"]
[Site "Internet Chess Club"]
[Date "2011.05.15"]
[Round "1"]
[White "Portola"]
[Black "rayngrant"]
[Result "1-0"]
[WhiteElo "1806"]
[BlackElo "1628"]
[Opening "King's Indian: London system"]
[ECO "A48"]
[Time "09:01:37"]
[TimeControl "2700+45"]

1. d4 Nf6 2. Nf3 g6 3. Bf4 Bg7 4. h3 d6 5. e3 O-O 6. Bc4 c5 7. c3 cxd4 8. exd4
Qc7 9. Bd3 Re8 10. O-O Nc6 11. Nbd2 e5 12. dxe5 dxe5 13. Bh2 Qb6 14. Qc2 Bd7 15.
Nc4 Qc5 16. b4 Qd5 17. Ne3 Qe6 18. Bc4 Qe7 19. Rad1 a6 20. Ng5 Be6 21. Nxe6 fxe6
22. Rfe1 a5 23. b5 Na7 24. Bxe5 Qc5 25. Bd6 Qg5 26. Nf1 Nd5 27. Qb3 Bxc3 28. Re4
Bb4 29. Rxd5 exd5 30. Bxd5+ Kh8 31. Qb2+ {Black resigns} 1-0

[Event "Team 45 45 League T49"]
[Site "Internet Chess Club"]
[Date "2011.05.13"]
[Round "1"]
[White "Constrictor"]
[Black "rubo"]
[Result "0-1"]
[WhiteElo "1613"]
[BlackElo "1722"]
[Opening "King's Indian, 3.Nf3"]
[ECO "E60"]
[Time "20:01:38"]
[TimeControl "2700+45"]

1. Nf3 Nf6 2. d4 g6 3. c4 c5 4. d5 b5 5. cxb5 a6 6. Nc3 Bg7 7. e4 d6 8. bxa6 O-O
9. Bc4 Nxa6 10. O-O Bg4 11. Qe2 Qb6 12. h3 Bxf3 13. gxf3 Rfb8 14. f4 Nd7 15. Rd1
Nc7 16. Qg4 Nf6 17. Qg5 Qb4 18. Bd3 c4 19. Bc2 Nb5 20. Nxb5 Qxb5 21. a4 Qb4 22.
Rb1 c3 23. e5 dxe5 24. fxe5 Ne4 25. Qf4 Nd2 26. Qxb4 Rxb4 27. Bxd2 cxd2 28. Rxd2
Bxe5 29. Re2 f6 30. b3 Kf8 31. Bd3 Rab8 32. Bc4 Rxc4 33. bxc4 Rxb1+ 34. Kg2 Ra1
35. Rc2 Rxa4 36. c5 Ke8 37. c6 Kd8 {White resigns} 0-1

[Event "Team 45 45 League T49"]
[Site "Internet Chess Club"]
[Date "2011.05.13"]
[Round "1"]
[White "g8wrb"]
[Black "Egmont"]
[Result "0-1"]
[WhiteElo "1381"]
[BlackElo "1727"]
[Opening "QGD"]
[ECO "D52"]
[Time "09:01:20"]
[TimeControl "2700+45"]

1. d4 d5 2. c4 c6 3. Nc3 Nf6 4. Bg5 e6 5. e3 Nbd7 6. Nf3 h6 7. Bh4 Qb6 8. Qb3
Be7 9. Bd3 g5 10. Bg3 Nh5 11. O-O Nxg3 12. fxg3 Qc7 13. Rac1 g4 14. Nd2 Bg5 15.
Rce1 Nf6 16. Qd1 h5 17. e4 dxe4 18. Ndxe4 Nxe4 19. Nxe4 Be7 20. Nf6+ Kf8 21. Re5
Qd8 22. Nxh5 Qxd4+ 23. Kh1 Qxe5 24. Rxf7+ Kxf7 25. Bg6+ Kxg6 26. Qxg4+ Qg5 27.
Nf4+ Kf7 {White resigns} 0-1

[Event "Team 45 45 League T49"]
[Site "Internet Chess Club"]
[Date "2011.05.14"]
[Round "1"]
[White "LTWilly"]
[Black "AtomicDog"]
[Result "1/2-1/2"]
[WhiteElo "1469"]
[BlackElo "1424"]
[Opening "Sicilian: Alapin's variation (2.c3)"]
[ECO "B22"]
[Time "14:00:40"]
[TimeControl "2700+45"]

1. e4 c5 2. c3 Nf6 3. e5 Nd5 4. d4 cxd4 5. Bc4 Nb6 6. Bb3 e6 7. Nf3 Be7 8. cxd4
Nc6 9. O-O d6 10. exd6 Qxd6 11. Nc3 O-O 12. Nb5 Qd8 13. Bf4 a6 14. Bc7 Qd7 15.
Bxb6 axb5 16. a4 bxa4 17. Bxa4 Ra6 18. Ne5 Qd5 19. Bxc6 bxc6 20. Rxa6 Bxa6 21.
Qa4 Bxf1 22. Kxf1 Rc8 23. Qa7 Kf8 24. Bc5 Re8 25. Nd7+ Kg8 26. Bxe7 Qc4+ 27. Ke1
Qc2 28. Ne5 f6 29. Bxf6 Qe4+ 30. Kf1 Qb1+ 31. Ke2 Qe4+ 32. Kf1 Qb1+ 33. Ke2 Qe4+
{Game drawn by mutual agreement} 1/2-1/2